Map: Dusk Towers

Players

John

  • Race: Protoss Protoss
  • League: Gold

LilDicky - Winner!

  • Race: Terran Terran
  • League: Diamond

VOD

http://www.twitch.tv/tumescentpie

Description

Time

  • Played on: Dec. 1, 2015, 4:27 p.m.
  • Length: 5:40
Show
View Real Time Build Order
Export as new Build Order

John Protoss 

Build Orders: Oracle Opening 

Get SALT Encoding   

  12  0:01  Probe (Chrono Boost)  
  13  0:13  Pylon  
  13  0:18  Probe (Chrono Boost)  
  14  0:31  Probe (Chrono Boost)  
  14  0:34  Gateway  
  15  0:42  Probe (Chrono Boost)  
  16  0:45  Assimilator  
  16  0:52  Probe (Chrono Boost)  
  17  1:03  Probe (Chrono Boost)  
  18  1:14  Probe (Chrono Boost)  
  19  1:22  Cybernetics Core  
  19  1:25  Gateway  
  19  1:26  Probe (Chrono Boost)  
  19  1:28  Assimilator  
  20  1:37  Pylon  
  20  1:49  Probe (Chrono Boost)  
  21  2:00  Probe (Chrono Boost)  
  24  2:04  Stargate  
  22  2:08  Stalker  
  24  2:20  Warp Gate (Chrono Boost)  
  24  2:24  Probe  
  25  2:34  Stalker  
  27  2:39  Gateway  
  27  2:55  Oracle  
  30  3:02  Pylon  
  29  3:20  Stalker x2  
  30  3:26  Pylon  
  34  3:29  Stalker  
  36  4:02  Robotics Facility  
  34  4:12  Adept x2  
  34  4:13  Adept  
  34  4:16  Probe  
  36  4:28  Probe  
  37  4:31  Phoenix  
  39  4:40  Probe  
  38  4:52  Probe  
  39  4:57  Observer  
  40  5:04  Probe  
  40  5:16  Probe  
Show
View Real Time Build Order
Export as new Build Order

LilDicky Terran - Winner!

Build Orders:  

Get SALT Encoding   

  12  0:04  SCV  
  13  0:16  SCV  
  13  0:21  Supply Depot  
  14  0:28  SCV  
  14  0:32  Refinery  
  15  0:42  SCV  
  16  0:46  Barracks  
  16  0:59  SCV  
  17  1:11  SCV  
  18  1:23  SCV  
  19  1:35  Orbital Command  
  20  1:43  Marine  
  20  1:44  Factory  
  20  1:45  Supply Depot  
  20  1:48  Refinery  
  20  2:01  Marine  
  20  2:03  SCV  
  22  2:19  SCV  
  22  2:21  Factory  
  23  2:29  Barracks Reactor, Barracks  
  23  2:32  SCV  
  23  2:34  Barracks  
  24  2:44  SCV  
  24  2:47  Supply Depot  
  24  2:49  Widow Mine  
  26  2:57  SCV  
  27  3:09  SCV  
  27  3:10  Marine x2  
  30  3:19  Widow Mine  
  30  3:23  Barracks Tech Lab x2  
  30  3:24  SCV  
  33  3:28  Marine x2  
  33  3:32  Supply Depot  
  35  3:36  SCV  
  36  3:49  SCV  
  36  3:50  Combat Shields  
  36  3:51  Marine x2  
  39  3:56  Widow Mine  
  41  4:07  SCV  
  42  4:10  Supply Depot, Marauder  
  42  4:11  Marine, Marauder  
  47  4:29  Supply Depot  
  47  4:32  Marine x3  
  46  4:56  Marine x2  
  46  4:57  Marine, Marauder  
  51  5:06  Supply Depot, Widow Mine  
  53  5:14  Marine  
Tags
 
Add a new tag
Caveats
  • Supply blocks, unpowered buildings, or Contaminate may cause inaccurate times.
  • Supply counts are checked every 10 seconds.